 Dungeon Crawl Stone Soup version 0.29-a0-323-g050149af67 (webtiles) character file.

Game seed: 17785844987704064785

50 GigaChad the Slasher (level 3, -4/30 HPs)
             Began as a Merfolk Chaos Knight on Apr 11, 2022.
             Was a Plaything of Xom.
             Shot with a sling bullet by a goblin (5 damage)
             ... led by Robin
             ... on level 2 of the Dungeon.
             The game lasted 00:02:30 (869 turns).

GigaChad the Slasher (Merfolk Chaos Knight)          Turns: 869, Time: 00:02:31

Health: -4/30      AC: 10    Str: 12    XL:     3   Next: 79%
Magic:  3/3        EV:  6    Int: 11    God:    Xom [.*....]
Gold:   80         SH:  0    Dex: 15    Spells: 2/2 levels left

rFire   . . .      SeeInvis .   a - +0 falchion (chaos)
rCold   + . .      Faith    .   (no shield)
rNeg    . . .      Spirit   .   l - +0 chain mail
rPois   +          Reflect  .   h - +1 helmet
rElec   .          Harm     .   (no cloak)
rCorr   .          Rampage  .   (no gloves)
Will    .....                   (no boots)
Stlth   ..........              (no amulet)
HPRegen 0.10/turn               g - ring of poison resistance
MPRegen 0.08/turn               i - ring of protection from cold

@: no status effects
A: (nimble swimmer 2), mertail
a: Renounce Religion


You were on level 2 of the Dungeon.
You worshipped Xom.
You were a plaything of Xom.
You visited 1 branch of the dungeon, and saw 2 of its levels.

You collected 80 gold pieces.

Inventory:

Hand Weapons
 a - a +0 falchion of chaos (weapon)
Missiles
 e - 4 atropa-tipped darts
 f - 3 poisoned darts
Armour
 b - a +2 leather armour
 h - a +1 helmet (worn)
 l - a +0 chain mail (worn)
Jewellery
 g - a ring of poison resistance (left hand)
 i - a ring of protection from cold (right hand)
Scrolls
 j - a scroll of magic mapping {unknown}
 k - a scroll of acquirement {unknown}
Potions
 d - a potion of cancellation {unknown}
Miscellaneous
 c - a piece from Xom's chessboard (15/15) (quivered)


   Skills:
 + Level 4.0 Fighting
 + Level 4.4 Long Blades
 + Level 1.3 Armour
 + Level 3.0 Dodging


You had 2 spell levels left.
You didn't know any spells.
Your spell library was empty.

Dungeon Overview and Level Annotations

Branches:
Dungeon (2/15)

Altars:


Innate Abilities, Weirdness & Mutations

((You are very nimble when in or above water. (Stealth+, EV+, Speed+++)))
Your lower body shifts to a powerful aquatic tail in water.


Message History

The sling bullet hits you but does no damage.
The hobgoblin hits you but does no damage.
The endoplasm barely misses you.
You closely miss the hobgoblin.
The goblin shoots a sling bullet.
The sling bullet hits you. The hobgoblin hits you.
The endoplasm hits you but does no damage.
You barely miss the hobgoblin.
The goblin shoots a sling bullet.
The sling bullet hits you but does no damage.
The hobgoblin hits you.
* * * LOW HITPOINT WARNING * * *
The endoplasm hits you but does no damage.
You hit the hobgoblin.
Lightning courses through the hobgoblin!
You kill the hobgoblin!
The goblin shoots a sling bullet.
The sling bullet hits you.
* * * LOW HITPOINT WARNING * * *
The endoplasm hits you but does no damage.
The goblin shoots a sling bullet.
The sling bullet hits you but does no damage. "Get over here!"
The goblin blinks! x2; The endoplasm blinks!
You slash the goblin! You burn the goblin.
You kill the goblin!
The goblin shoots a sling bullet.
The sling bullet hits you but does no damage.
Your Fighting skill increases to level 4!
You hit the hobgoblin.
The hobgoblin is heavily wounded.
The hobgoblin hits you but does no damage.
The goblin hits you but does no damage.
The goblin shoots a sling bullet.
The sling bullet barely misses you.
You slash the hobgoblin!
You feel better.
You kill the hobgoblin!
The goblin hits you with a +0 club.
* * * LOW HITPOINT WARNING * * *
Your Dodging skill increases to level 3!
The endoplasm barely misses you. The goblin hits you with a +0 club.
* * * LOW HITPOINT WARNING * * *
The goblin shoots a sling bullet.
The sling bullet hits you.
You die...

.. #.#### ..
....# ##.####...#
..!......####
#..........###.
###..............
........g@...#
#.....J.####
#.#...g.#
#.....†.#
###...### #...#
#...# #...#
.####...#######..


You could see an endoplasm and 2 goblins.

Vanquished Creatures
  2 adders (D:2)
  2 endoplasms (D:1)
  A giant cockroach (D:1)
  5 goblins
  6 hobgoblins
  6 jackals (D:1)
  A bat (D:1)
  A frilled lizard (D:1)
  3 kobolds
27 creatures vanquished.

Notes
Turn   | Place    | Note
-------+----------+-------------------------------------------
     0 | D:1      | GigaChad the Merfolk Chaos Knight began the quest for the
                  | Orb.
     0 | D:1      | Reached XP level 1. HP: 18/18 MP: 1/1
   155 | D:1      | Reached XP level 2. HP: 24/25 MP: 2/2
   212 | D:1      | XOM: 3-stop teleportation journey
   307 | D:1      | XOM: god gift: metallic dark potion {god gift}
   824 | D:2      | Reached XP level 3. HP: 26/30 MP: 3/3
   828 | D:2      | Reached skill level 1 in Armour
   865 | D:2      | XOM: blink monster(s)
   869 | D:2      | HP: 1/30 [goblin/+0 club[Robin] (4)]
   869 | D:2      | Shot with a sling bullet by a goblin

Illustrated notes

Levels and vault maps discovered:
D:1:      dpeg_arrival_boxes_within_box, layout_basic
D:2:      layout_loops_cross, minmay_puff, uniq_robin

Skill      XL: |  1  2  3 |
---------------+----------+-----
Long Blades    | 4 |  4.4
Armour         | 1 |  1.3
Fighting       | 4 |  4.0
Dodging        | 3 |  3.0

Action                   || total
-------------------------++-------
Melee: Falchion          ||    69
       Punch             ||     3
Armor: Leather armour    ||    23
       Chain mail        ||    22
Dodge: Dodged            ||    70

Table legend: (Time is in decaauts)
 A = Elapsed time spent in this place.
 B = Non-inter-level travel time spent in this place.
 C = Inter-level travel time spent in this place.
 D = Time resting spent in this place.
 E = Time spent auto-exploring this place.
 F = Levels seen in this place.
 G = Mean time per level.
                   A        B        C        D        E       F      G
               +--------+--------+--------+--------+--------+-----+--------+
         Total |    874 |    874 |      0 |    120 |    213 |   2 |  437.0 |
       Dungeon |    874 |    874 |      0 |    120 |    213 |   2 |  437.0 |
               +--------+--------+--------+--------+--------+-----+--------+

Top non-repeatable levels by time:
     D:1: 823 daAuts
     D:2: 51 daAuts
